 Dungeon Crawl Stone Soup version 0.24.0-123-gd5b16e6ec5 (webtiles) character file.

Game seed: 9341510381241064002, levelgen mode: deterministic

93 Peloso the Shield-Bearer (level 4, 40/40 HPs)
             Began as a Minotaur Fighter on Dec 21, 2019.
             Got out of the dungeon alive.
             The game lasted 00:02:09 (1084 turns).

Peloso the Shield-Bearer (Minotaur Fighter)         Turns: 1084, Time: 00:02:10

Health: 40/40      AC:  7    Str: 20    XL:     4   Next: 36%
Magic:  3/3        EV:  7    Int:  5    God:
Gold:   68         SH:  9    Dex: 11    Spells: 3/3 levels left

rFire    . . .     SeeInvis .   a - +0 long sword
rCold    . . .     Gourm    .   c - +0 shield
rNeg     . . .     Faith    .   b - +0 scale mail
rPois    +         Spirit   .   (helmet restricted)
rElec    .         Reflect  .   (no cloak)
rCorr    .         Harm     .   (no gloves)
MR       .....     Rnd*Tele +   (no boots)
Stlth    ..........             (no amulet)
HPRegen  0.13/turn              (no ring)
MPRegen  0.08/turn              (no ring)

@: no status effects
A: retaliatory headbutt, horns 2, poison resistance, teleportitis 1
a: no special abilities


You escaped.
You were hungry.

You visited 1 branch of the dungeon, and saw 2 of its levels.

You collected 68 gold pieces.

Inventory:

Hand Weapons
 a - a +0 long sword (weapon)
Armour
 b - a +0 scale mail (worn)
 c - a +0 shield (worn)
Scrolls
 e - a scroll of amnesia {unknown}
 g - a scroll of remove curse {unknown}
 h - 3 scrolls of blinking {unknown}
 i - a scroll of identify {unknown}
Potions
 d - 2 potions of might
Comestibles
 f - a ration


   Skills:
 + Level 4.2 Fighting
 + Level 3.4 Long Blades
 + Level 4.4 Armour
 + Level 0.3 Dodging
 + Level 4.6 Shields


You had 3 spell levels left.
You didn't know any spells.
Your spell library was empty.

Dungeon Overview and Level Annotations

Branches:
Dungeon (2/15)

Altars:


Innate Abilities, Weirdness & Mutations

You reflexively headbutt those who attack you in melee.
You have a pair of horns on your head.
Your system is resistant to poisons. (rPois)
You are occasionally teleported next to monsters.


Message History

a hobgoblin corpse; a frilled lizard corpse x2
Found a scroll labeled OGEXUO BETWIPS.
Found a throwing net.
You now have 60 gold pieces (gained 5).
i - a scroll labeled OGEXUO BETWIPS You see here a throwing net.
You see here an adder corpse.
You now have 68 gold pieces (gained 8).
You are feeling hungry.
(D) Dungeon
Where to? (Enter - D:12, ? - help)
What level of the Dungeon? (default 1, ? - help)
There is a stone staircase leading up here.
You climb upwards.
There is a stone staircase leading down here.
You see here 17 stones.
There is an escape hatch in the floor here.
There is a staircase leading out of the dungeon here.
Are you sure you want to leave the Dungeon?
This will make you lose the game!
You have escaped!

#........#......###............#.
#...........#.##.#.######...####.
#........##.#.###.###.# ##.## #.
#.#.....###.#†# #..##.# #.# #.
#.##...####.#.####†##.####.#####.
............†....#.##.#..........
#.##..#.###.#.##.#.##.###^######.
#.##..#.###.#..######.#####8###..
#..............#@..........>..(.#
####.....##.#########.#####8#####
......#..>..........#.#..####
####..#.########.##.#.#..#
####..#.# #...####.#..#
........######....###.#..#
####................#.#..# #
#...#######....#####.## #
##..#######.#####.##.#


There were no monsters in sight!

Vanquished Creatures
  6 adders (D:2)
  A worm (D:2)
  A leopard gecko (D:1)
  3 bats (D:1)
  3 giant cockroaches
  A goblin (D:2)
  5 hobgoblins
  5 jackals (D:2)
  3 kobolds
  A ball python (D:2)
  3 frilled lizards (D:2)
  A rat (D:1)
33 creatures vanquished.

Notes
Turn   | Place    | Note
-------+----------+-------------------------------------------
     0 | D:1      | Peloso the Minotaur Fighter began the quest for the Orb.
     0 | D:1      | Reached XP level 1. HP: 19/19 MP: 0/0
   234 | D:1      | Reached XP level 2. HP: 27/27 MP: 1/1
   738 | D:2      | Reached XP level 3. HP: 33/33 MP: 2/2
   805 | D:2      | Gained mutation: You are occasionally teleported next to
                  | monsters. [potion of mutation]
   805 | D:2      | Gained mutation: Your system is resistant to poisons.
                  | (rPois) [potion of mutation]
   813 | D:2      | Reached XP level 4. HP: 33/40 MP: 3/3
  1084 | D:$      | Got out of the dungeon alive.

Levels and vault maps discovered:
D:1:      lemuel_arrival_cross, layout_loops_ring
D:2:      layout_loops_ring, lemuel_coloured_pillars_altar, st_stairs_12

Skill      XL: |  1  2  3 |
---------------+----------+-----
Shields        | 4 |  4.6
Fighting       | 4 |  4.2
Armour         | 4 |  4.4
Long Blades    | 3 |  3.4
Dodging        | |  0.3

Action                   |  1- 3 |  4- 6 || total
-------------------------+-------+-------++-------
Melee: Long sword        |    61 |    14 ||    75
       Headbutt          |    13 |     1 ||    14
  Use: Potion            |     3 |       ||     3
Armor: Scale mail        |    27 |     3 ||    30
Dodge: Dodged            |    17 |     3 ||    20
Block: Shield            |    42 |     5 ||    47
       Rpst.: Long sword |     7 |     2 ||     9
